Map: Lightshade LE

Players

MonteCristo

  • Race: Zerg Zerg
  • League: Diamond

ViBE - Winner!

  • Race: Zerg Zerg
  • League: Diamond

VOD

Have the link to the VOD?

Description

Time

  • Played on: April 20, 2021, 10:17 p.m.
  • Length: 4:54
Show
View Real Time Build Order
Export as new Build Order

MonteCristo Zerg 

Build Orders: Hatch First 

Get SALT Encoding   

  12  0:01  Drone  
  13  0:12  Overlord  
  13  0:17  Drone  
  14  0:31  Drone x2  
  14  0:35  Drone  
  17  0:53  Hatchery  
  17  0:56  Drone  
  17  0:58  Drone  
  18  1:10  Extractor  
  17  1:14  Spawning Pool  
  17  1:16  Drone  
  17  1:20  Drone  
  18  1:28  Drone  
  19  1:39  Overlord  
  19  1:50  Drone  
  20  2:00  Queen  
  22  2:02  Zergling x2  
  22  2:04  Queen  
  22  2:06  Drone  
  26  2:11  Drone  
  26  2:12  Metabolic Boost  
  27  2:16  Drone  
  27  2:22  Drone  
  29  2:26  Drone  
  29  2:27  Evolution Chamber  
  29  2:32  Drone  
  30  2:38  Drone  
  31  2:52  Hatchery  
  31  2:56  Zerg Melee Weapons Level 1  
  30  2:58  Drone x2  
  30  2:59  Drone  
  33  3:05  Zergling x2  
  33  3:06  Zergling x2  
  33  3:10  Overlord  
  35  3:13  Baneling Nest  
  35  3:16  Drone  
  35  3:19  Drone  
  36  3:29  Drone x2  
  36  3:30  Drone x3  
  41  3:35  Overlord  
  41  3:42  Queen  
  43  4:01  Zergling x4  
  43  4:02  Zergling x10  
  47  4:06  Extractor  
  46  4:12  Queen  
  46  4:15  Zergling x10  
  46  4:16  Zergling x2  
  54  4:18  Overlord  
Show
View Real Time Build Order
Export as new Build Order

ViBE Zerg - Winner!

Build Orders: Hatch First 

Get SALT Encoding   

  12  0:00  Drone  
  13  0:13  Overlord  
  13  0:16  Drone  
  14  0:32  Drone x2  
  16  0:51  Hatchery  
  16  0:54  Drone  
  16  0:58  Drone  
  17  1:04  Drone  
  18  1:12  Extractor  
  18  1:13  Drone  
  18  1:20  Spawning Pool  
  18  1:24  Drone  
  18  1:29  Drone  
  19  2:00  Overlord  
  19  2:07  Drone x3  
  22  2:11  Queen x2  
  22  2:14  Drone  
  27  2:16  Metabolic Boost  
  27  2:23  Drone x2  
  27  2:27  Drone  
  30  2:36  Drone x2  
  32  2:46  Drone  
  33  2:57  Roach Warren, Overlord  
  32  2:59  Overlord  
  32  3:01  Overlord  
  32  3:10  Overlord  
  32  3:21  Overlord  
  32  3:33  Extractor  
  31  3:37  Roach x8  
  31  3:41  Queen  
  50  3:50  Zergling x8  
  50  3:52  Zergling x2  
  50  3:53  Zergling x6  
  57  4:05  Zergling x4  
  59  4:13  Overlord  
  59  4:15  Hatchery, Zergling x2  
  60  4:24  Zergling x12  
  60  4:26  Zergling x2  
  60  4:27  Zergling x2  
Tags
 
Add a new tag
Caveats
  • Supply blocks, unpowered buildings, or Contaminate may cause inaccurate times.
  • Supply counts are checked every 10 seconds.